 Dungeon Crawl Stone Soup version 0.29.1-12-g30fa7ad0bf (webtiles) character file.

Game seed: 11725801489445431599

412 Descartes the Shield-Bearer (level 7, -1/54 HPs)
             Began as a Formicid Fighter on Dec 22, 2022.
             Slain by a water moccasin (2 damage)
             ... on level 4 of the Dungeon.
             The game lasted 00:07:20 (3026 turns).

Descartes the Shield-Bearer (Formicid Fighter)      Turns: 3026, Time: 00:07:21

Health: -1/54      AC:  9    Str: 21    XL:     7   Next: 14%
Magic:  7/7        EV:  9    Int:  9    God:
Gold:   192        SH:  5    Dex: 13    Spells: 6/6 levels left

rFire   . . .      SeeInvis +   a - +0 war axe
rCold   + . .      Faith    .   c - +0 buckler
rNeg    . . .      Spirit   .   b - +0 scale mail
rPois   .          Reflect  .   (helmet unavailable)
rElec   .          Harm     .   (no cloak)
rCorr   .          Rampage  .   u - +0 pair of gloves
Will    .....                   t - +0 pair of boots
Stlth   ..........              (no amulet)
HPRegen 0.18/turn               q - ring of protection from cold
MPRegen 0.10/turn               (no ring)

@: lethally poisoned (-1 -> -6)
A: permanent stasis, dig shafts and tunnels, antennae 3, four strong arms
a: Dig, Shaft Self


You were on level 4 of the Dungeon.
You visited 1 branch of the dungeon, and saw 4 of its levels.

You collected 192 gold pieces.

Inventory:

Hand Weapons
 a - a +0 war axe (weapon)
Missiles
 p - 6 atropa-tipped darts
 s - 2 curare-tipped darts
Armour
 b - a +0 scale mail (worn)
 c - a +0 buckler (worn)
 i - a +0 pair of gloves
 t - a +0 pair of boots (worn)
 u - a +0 pair of gloves (worn)
Jewellery
 q - a ring of protection from cold (left hand)
Wands
 w - a wand of mindburst (10)
Scrolls
 e - 2 scrolls of amnesia {unknown}
 f - 3 scrolls of fear {unknown}
 h - a scroll of torment {unknown}
 j - 5 scrolls of identify {unknown}
 l - a scroll of magic mapping {unknown}
 m - a scroll of teleportation {unknown}
 r - a scroll of enchant armour {unknown}
 x - a scroll of noise {unknown}
 y - a scroll of enchant weapon {unknown}
Potions
 d - 2 potions of might
 g - a potion of curing {unknown}
 n - a potion of brilliance {unknown}
 o - a potion of cancellation {unknown}
 v - a potion of berserk rage
 z - a potion of degeneration {unknown}
 A - a potion of lignification {unknown}


   Skills:
 + Level 4.3 Fighting
 + Level 3.0(3.4) Axes
 + Level 2.3(3.1) Maces & Flails
 + Level 4.3 Armour
 + Level 5.2 Shields
 + Level 2.1 Translocations
 + Level 2.5 Evocations


You had 6 spell levels left.
You didn't know any spells.
Your spell library contained the following spells:

 Spells                   Type           Power      Damage    Failure   Level
 Summon Small Mammal      Summ           0%         N/A       78%         1
 Call Canine Familiar     Summ           0%         N/A       98%         3
 Summon Guardian Golem    Hex/Summ       0%         N/A       98%         3


Dungeon Overview and Level Annotations

Branches:
Dungeon (4/15)
 Temple: D:4-7

Altars:
Makhleb
Okawaru
Qazlal
Zin


Innate Abilities, Weirdness & Mutations

You cannot be hasted, slowed, berserked, paralysed or teleported.
You can dig through walls and to a lower floor.
You have a pair of large antennae on your head. (SInv)
Your four strong arms can wield two-handed weapons with a shield.


Message History

The water moccasin poisons you! The water moccasin bites you.
You hit the water moccasin but do no damage.
The water moccasin is almost dead.
You feel very sick.
The water moccasin bites you but does no damage.
The water moccasin completely misses you.
You miss the water moccasin.
The water moccasin is almost dead.
You feel very sick. The water moccasin closely misses you.
The water moccasin bites you.
You are more poisoned.
The water moccasin poisons you!
You barely miss the water moccasin.
The water moccasin is almost dead.
You feel extremely sick. The water moccasin bites you.
The water moccasin bites you but does no damage.
You are too injured to fight recklessly!
You miss the water moccasin.
The water moccasin is almost dead.
You feel very sick.
The water moccasin bites you but does no damage.
The water moccasin bites you!
* * * LOW HITPOINT WARNING * * *
You miss the water moccasin.
The water moccasin is almost dead.
* * * LOW HITPOINT WARNING * * *
You feel very sick. The water moccasin bites you.
* * * LOW HITPOINT WARNING * * *
You block the water moccasin's attack.
It was a potion of berserk rage.
Your stasis prevents you from going berserk.
* * * LOW HITPOINT WARNING * * *
You feel sick.
The water moccasin bites you but does no damage.
It was a potion of magic.
Magic courses through your body.
* * * LOW HITPOINT WARNING * * *
You feel sick. The water moccasin bites you.
You die...

#....#....
#..##.#..
#..##.#.#
#.†##.#.# #
#.......#.#
##......#.#.#
##......?....#
#......??###.#
#......@.#
#.####.S.# #.
###># #. .# .#
.# .# .#


You could see a water moccasin.

Vanquished Creatures
  Sigmund (D:1)
  Natasha (thrice) (D:3)
  Terence (D:2)
  An iguana (D:3)
  6 gnolls
  An adder (D:3)
  An ufetubus (D:4)
  2 worms (D:2)
  2 dart slugs
  An orc (D:3)
  4 ball pythons
  6 endoplasms
  A giant cockroach (D:1)
  5 goblins
  4 hobgoblins
  6 bats
  7 frilled lizards
  A kobold (D:2)
  8 rats
61 creatures vanquished.

Notes
Turn   | Place    | Note
-------+----------+-------------------------------------------
     0 | D:1      | Descartes the Formicid Fighter began the quest for the Orb.
     0 | D:1      | Reached XP level 1. HP: 18/18 MP: 1/1
   123 | D:1      | Found a faded altar of an unknown god.
   131 | D:1      | Reached XP level 2. HP: 20/24 MP: 2/2
   751 | D:1      | Reached XP level 3. HP: 29/29 MP: 3/3
   835 | D:2      | Noticed Terence
   845 | D:2      | Killed Terence
   846 | D:2      | Reached skill level 1 in Maces & Flails
   846 | D:2      | Reached skill level 1 in Translocations
   846 | D:2      | Reached skill level 1 in Evocations
   921 | D:2      | Reached XP level 4. HP: 22/36 MP: 4/4
   935 | D:2      | Noticed Sigmund
  1185 | D:1      | Killed Sigmund
  1186 | D:1      | Reached XP level 5. HP: 37/42 MP: 5/5
  1186 | D:1      | Reached XP level 6. HP: 43/48 MP: 6/6
  1888 | D:3      | Found a glowing silver altar of Zin.
  2058 | D:3      | Found an iron altar of Okawaru.
  2080 | D:3      | Reached skill level 5 in Shields
  2133 | D:3      | Identified the +6 short sword of Vengeance {antimagic,
                  | Will+ Str+2}
  2217 | D:3      | Found a stormy altar of Qazlal.
  2333 | D:3      | Noticed Natasha
  2340 | D:3      | Killed Natasha
  2464 | D:3      | Noticed Natasha
  2485 | D:3      | Killed Natasha
  2763 | D:3      | Reached XP level 7. HP: 54/54 MP: 7/7
  2859 | D:3      | Noticed Natasha
  2862 | D:3      | Killed Natasha
  2963 | D:4      | Found a burning altar of Makhleb.
  3010 | D:4      | Noticed a water moccasin
  3025 | D:4      | HP: 2/54 [poisoned by a water moccasin]
  3026 | D:4      | Slain by a water moccasin

Illustrated notes

Levels and vault maps discovered:
D:1:      dpeg_arrival_tiny_f, layout_loops_cross,
          hellmonk_ecumenical_altar_lost_god, minmay_pentomino_r4
D:2:      layout_rooms, uniq_sigmund, uniq_terence
D:3:      layout_loops_cross, okawaru_ov_weapons_minmay, zin_scriptorium,
          mainiacjoe_overflow_surrounded_room, uniq_natasha
D:4:      layout_loops_ring, general_overflow_altar, uniq_ijyb

Skill      XL: |  1  2  3  4  5  6 |
---------------+-------------------+-----
Maces & Flails | 1 2 |  2.3
Translocations | 1 2 |  2.1
Evocations     | 1 2 |  2.5
Fighting       | 4 |  4.3
Armour         | 4 |  4.3
Shields        | 5 |  5.2
Axes           | 3 |  3.0

Action                   |  1- 3 |  4- 6 |  7- 9 || total
-------------------------+-------+-------+-------++-------
Melee: War axe           |    77 |   127 |    24 ||   228
 Abil: Dig               |       |     1 |       ||     1
  Use: Potion            |       |       |     2 ||     2
Armor: Scale mail        |    39 |    43 |    13 ||    95
Dodge: Dodged            |    34 |    53 |     7 ||    94
Block: Buckler           |    23 |    33 |    11 ||    67
